 Dungeon Crawl Stone Soup version 0.30-a0-310-g7d6cbdfea6 (webtiles) character file.

Game seed: 6260555193439458474

25 koil the Sneak (level 2, 0/15 HPs)
             Began as a Spriggan Brigand on Oct 25, 2022.
             Slain by a gnoll
             ... wielding a +0 spear
              (3 damage)
             ... on level 2 of the Dungeon.
             The game lasted 00:02:02 (922 turns).

koil the Sneak (Spriggan Brigand)                    Turns: 922, Time: 00:02:03

Health: 0/15       AC:  3    Str:  7    XL:     2   Next: 82%
Magic:  4/4        EV: 17    Int: 12    God:
Gold:   64         SH:  0    Dex: 16    Spells: 3/3 levels left

rFire   . . .      SeeInvis +    a - +2 dagger
rCold   . . .      Faith    .    (no shield)
rNeg    . . .      Spirit   .    b - +0 robe
rPois   .          Reflect  .    (helmet restricted)
rElec   .          Harm     .    c - +0 cloak
rCorr   .          Rampage  .    (gloves unavailable)
Will    .....                    (boots unavailable)
Stlth   +++.......               (no amulet)
HPRegen 0.22/turn                (no ring)
MPRegen 0.09/turn                (no ring)

@: very quick
A: very small, no large weapons, unfitting armour, see invisible, speed 3
a: no special abilities


You were on level 2 of the Dungeon.
You visited 1 branch of the dungeon, and saw 2 of its levels.

You collected 64 gold pieces.

Inventory:

Hand Weapons
 a - a +2 dagger (weapon)
Missiles
 d - 4 poisoned darts (quivered)
 e - 3 curare-tipped darts
Armour
 b - a +0 robe (worn)
 c - a +0 cloak (worn)
Scrolls
 f - 4 scrolls of identify {unknown}
 g - a scroll of brand weapon {unknown}
Potions
 h - a potion of flight {unknown}
 i - a potion of magic {unknown}


   Skills:
 + Level 1.9 Fighting
 + Level 2.5 Short Blades
 - Level 2.0 Throwing
 + Level 2.1 Dodging
 + Level 6.1 Stealth
 + Level 1.1 Spellcasting


You had 3 spell levels left.
You didn't know any spells.
Your spell library contained the following spells:

 Spells                   Type           Power      Damage    Failure   Level
 Blink                    Tloc           0%         N/A       41%         2
 Manifold Assault         Tloc           0%         N/A       96%         4
 Storm Form               Tmut/Air       0%         N/A       100%        7


Dungeon Overview and Level Annotations

Branches:
Dungeon (2/15)

Altars:

Annotations:
D:2 Terence


Innate Abilities, Weirdness & Mutations

You are very small and have problems with some larger weapons.
You are too small for most types of armour.
You have supernaturally acute eyesight. (SInv)
You cover ground extremely quickly. (Speed+++)


Message History

Aim: a gnoll, wielding a +0 spear (lightly wounded, very poisoned, 64% to hit)
You throw a poisoned dart. The poisoned dart hits the hobgoblin.
The hobgoblin is poisoned.
You hit the hobgoblin.
The hobgoblin is severely wounded.
The hobgoblin closely misses you.
You barely miss the hobgoblin.
The hobgoblin is almost dead.
The hobgoblin hits you. The gnoll completely misses you.
Terence screams, "I want your blood!"
You closely miss the hobgoblin.
The hobgoblin is almost dead.
The hobgoblin misses you.
The gnoll hits you from afar with a +0 spear.
You hit the hobgoblin.
You kill the hobgoblin!
The gnoll barely misses you.
You completely miss the gnoll.
The gnoll is heavily wounded.
The gnoll closely misses you.
Terence screams, "I'm going to kill you!"
You hit the gnoll but do no damage.
The gnoll is heavily wounded.
The gnoll barely misses you. Terence closely misses you.
You hit the gnoll.
The gnoll is heavily wounded.
The gnoll closely misses you. Terence looks scornfully at you.
Terence completely misses you.
You hit the gnoll.
The gnoll is severely wounded.
The gnoll hits you with a +0 spear!
Ouch! That really hurt!
* * * LOW HITPOINT WARNING * * *
Terence barely misses you.
You hit the gnoll.
The gnoll is almost dead.
The gnoll looks more healthy.
The gnoll hits you from afar with a +0 spear.
You die...

#.# #.# #)# #.# #.#
#.# #.##### #.# #.#...
#.# ##g#.####. #.#
#.......#.####.#######
#.....=.#.............
#.......#.####@######.
#..<....#.# #.#
#.......#.# #g#####..
#.........####@......^
#......#(((@†w.#####..
####...#...###.#
#.#####.# #.#
#.@.#...# #.#
###.#g### #.#


You could see Terence, a gnoll and a dart slug.

Vanquished Creatures
  A gnoll (D:2)
  2 goblins (D:1)
  4 hobgoblins
  A ball python (D:1)
  4 bats (D:1)
  A frilled lizard (D:1)
  A kobold (D:1)
  A rat (D:1)
15 creatures vanquished.

Notes
Turn   | Place    | Note
-------+----------+-------------------------------------------
     0 | D:1      | koil the Spriggan Brigand began the quest for the Orb.
     0 | D:1      | Reached XP level 1. HP: 10/10 MP: 2/2
   208 | D:1      | Found a faded altar of an unknown god.
   222 | D:1      | Reached skill level 6 in Stealth
   357 | D:1      | Reached XP level 2. HP: 15/15 MP: 3/3
   874 | D:2      | Reached skill level 1 in Spellcasting
   875 | D:2      | Noticed Terence
   922 | D:2      | Slain by a gnoll

Illustrated notes

Levels and vault maps discovered:
D:1:      lightli_iron_boxes, layout_basic, basic_ecumenical_altar
D:2:      layout_loops_ring, amethyst_killhole, uniq_terence

Skill      XL: |  1  2 |
---------------+-------+-----
Stealth        | 6 |  6.1
Dodging        | 2 |  2.1
Spellcasting   | 1 |  1.1
Fighting       | |  1.9
Short Blades   | |  2.5
Throwing       | |  2.0

Action                   || total
-------------------------++-------
Melee: Dagger            ||    60
       Punch             ||     1
Throw: Dart              ||    11
 Stab: Sleeping          ||     5
Armor: Robe              ||     9
Dodge: Dodged            ||    42

Table legend: (Time is in decaauts)
 A = Elapsed time spent in this place.
 B = Non-inter-level travel time spent in this place.
 C = Inter-level travel time spent in this place.
 D = Time resting spent in this place.
 E = Time spent auto-exploring this place.
 F = Levels seen in this place.
 G = Mean time per level.
                   A        B        C        D        E       F      G
               +--------+--------+--------+--------+--------+-----+--------+
         Total |    609 |    600 |      9 |      0 |    443 |   2 |  304.5 |
       Dungeon |    609 |    600 |      9 |      0 |    443 |   2 |  304.5 |
               +--------+--------+--------+--------+--------+-----+--------+

Top non-repeatable levels by time:
     D:1: 538 daAuts
     D:2: 70 daAuts
